 Dungeon Crawl Stone Soup version 0.30.0-15-g856e2d3f33 (webtiles) character file.

Game seed: 12620429092250601432

4755 Kenran the Carver (level 10, -1/65 HPs)
             Began as a Gargoyle Berserker on May 19, 2023.
             Was an Elder of Trog.
             Slain by a kobold
             ... wielding a +0 whip
              (3 damage)
             ... on level 9 of the Dungeon.
             The game lasted 00:13:33 (8936 turns).

Kenran the Carver (Gargoyle Berserker)              Turns: 8936, Time: 00:13:34

Health: -1/65      AC: 25    Str: 22    XL:     10   Next: 46%
Magic:  10/10      EV:  9    Int:  7    God:    Trog [****..]
Gold:   474        SH:  5    Dex: 13    Spells: 9/9 levels left

rFire   + . .        a - +0 long sword (freeze)
rCold   . . .        (no shield)
rNeg    + . .        d - +2 chain mail {rF+}
rPois   ∞            s - +0 helmet
rElec   +            q - +1 cloak
rCorr   .            t - +0 pair of gloves
SInv    .            v - +1 pair of boots
Will    .....        m - amulet of reflection Stlth
                     (no ring)
HPRegen 0.30/turn    (no ring)
MPRegen 0.12/turn

%: reflection
@: no status effects
A: sickness immunity, AC +7, negative energy resistance 1, electricity
resistance, torment resistance 1, petrification resistance
a: Renounce Religion, Berserk, Trog's Hand, Brothers in Arms


You were on level 9 of the Dungeon.
You worshipped Trog.
Trog was greatly pleased with you.
You visited 1 branch of the dungeon, and saw 9 of its levels.

You collected 557 gold pieces.
You spent 83 gold pieces at shops.

Inventory:

Hand Weapons
 a - a +0 long sword of freezing (weapon)
Armour
 d - a +2 chain mail of fire resistance (worn)
 q - a +1 cloak (worn)
 s - a +0 helmet (worn)
 t - a +0 pair of gloves (worn)
 v - a +1 pair of boots (worn)
Jewellery
 m - an amulet of reflection (around neck)
Wands
 o - a wand of acid (11)
 r - a wand of mindburst (12)
 w - a wand of polymorph (15)
 A - a wand of iceblast (30)
 B - a wand of paralysis (9)
Scrolls
 b - 2 scrolls of immolation {!r}
 f - 2 scrolls of silence
 h - a scroll of fog
 i - 5 scrolls of teleportation
 n - 2 scrolls of blinking
 p - a scroll of vulnerability {!r}
 u - a scroll of magic mapping
 y - a scroll of fear {unknown}
 z - a scroll of butterflies {unknown}
 D - a scroll of enchant weapon {unknown}
 E - a scroll of torment {unknown}
 F - a scroll of enchant armour {unknown}
Potions
 c - a potion of lignification {unknown}
 e - 6 potions of flight {unknown}
 g - 2 potions of cancellation {unknown}
 j - 2 potions of might {unknown}
 k - 2 potions of heal wounds {@q2}
 l - 7 potions of curing {@q1}
 x - a potion of haste {unknown}
 C - 2 potions of attraction {unknown}


   Skills:
 + Level 8.4 Fighting
 - Level 12.0 Long Blades
 - Level 4.0 Armour
 - Level 1.5 Dodging
 - Level 2.0 Evocations


You had 9 spell levels left.
You didn't know any spells.
Your spell library was empty.

Dungeon Overview and Level Annotations

Branches:
Dungeon (9/15)             Temple (0/1) D:5            Lair (0/5) D:8
    Orc: D:9-12

Altars:
Ashenzari
Dithmenos
Makhleb
Nemelex Xobeh
Vehumet
Xom
The Shining One

Shops:
D:4 (   D:9 *

Annotations:
D:9 Erolcha


Innate Abilities, Weirdness & Mutations

You are immune to sickness and miasma.
Your stone body is resilient. (AC +7)
You are immune to poison.
You resist negative energy. (rN+)
You are resistant to electric shocks. (rElec)
You are resistant to unholy torment.
You are immune to petrification.


Message History

There is an entrance to Rabycwot's General Store here.
A kobold comes into view. It is wielding a +0 whip.
The kobold shouts!
You hear a shout! x2
Erolcha and 2 kobolds come into view.
The kobold shouts! x2
The kobold throws a stone.
The stone closely misses you.
A kobold comes into view. It is wielding a +0 whip.
A kobold brigand comes into view.
It is wielding a +0 whip and quivering curare-tipped darts.
Erolcha gestures wildly while chanting.
Erolcha flickers and vanishes!
Deactivating autopickup; reactivate with Ctrl-A.
The kobold brigand shouts!
A kobold comes into view. It is wielding a +0 club.
The kobold shouts!
You slash the kobold! You freeze the kobold.
You kill the kobold!
Trog accepts your kill.
You hear the faint creaking of a portcullis very nearby.
Things that are here:
a +0 whip; 2 stones; a kobold corpse You hit the kobold brigand but do no damage.
The kobold misses you. The kobold completely misses you.
You slash the kobold brigand! You freeze the kobold brigand.
The kobold brigand is moderately wounded.
You block the kobold's attack. The kobold completely misses you.
The kobold brigand hits you but does no damage.
The kobold hits you but does no damage. Something hits you!!
You slash the kobold brigand! You freeze the kobold brigand.
The kobold brigand is severely wounded.
A goblin comes into view. It is wielding a +0 hand axe.
The kobold hits you but does no damage. The kobold hits you with a +0 whip.
The kobold hits you but does no damage.
The kobold brigand hits you with a +0 whip.
You closely miss something. Something hits you! You block the kobold's attack.
You block the kobold brigand's attack. The kobold hits you but does no damage.
The kobold closely misses you. Something hits you!!
* * * LOW HITPOINT WARNING * * *
The kobold attacks as you move away! The kobold hits you with a +0 whip.
You die...

#...#....##.##.
#...#.#...#.##.
####...#.###.#.##.
#∩.....#....<.....
###.##..########.###
#.#..............#
#.....############
#.....+ #.{@K.#
#.KKK.# #..K..#
#.....+ .#....#
..#....# ........#
.g~ ~~≈~.#


You could see a kobold brigand, a goblin and 4 kobolds.

Vanquished Creatures
  Amaemon (D:8)
  Maurice (D:8)
  An orange demon (D:8)
  Grinder (D:3)
  A hornet (D:8)
  A wyvern (D:8)
  A water moccasin (D:6)
  Duvessa (D:5)
  3 orc warriors
  4 sky beasts
  A bullfrog (D:7)
  2 kobold brigands
  2 scorpions (D:6)
  Dowan (D:5)
  10 wights
  13 killer bees
  2 howler monkeys (D:8)
  A centaur zombie (D:3)
  3 jellies
  2 hounds (D:5)
  2 orc priests
  A gnoll bouda (D:6)
  2 iguanas
  3 orc wizards
  Natasha (thrice) (D:3)
  2 hound skeletons (D:3)
  Robin (D:4)
  4 gnolls
  7 adders
  2 shadow imps
  2 ufetubi (D:6)
  An adder zombie (D:3)
  4 worms
  A dart slug (D:2)
  19 orcs
  5 bats
  9 endoplasms
  3 giant cockroaches
  15 goblins
  11 hobgoblins
  3 jackals (D:2)
  5 quokkas
  5 ball pythons
  A ball python zombie (D:3)
  3 frilled lizards
  16 kobolds
  2 quokka skeletons (D:3)
  4 rats
188 creatures vanquished.

Notes
Turn   | Place    | Note
-------+----------+-------------------------------------------
     0 | D:1      | Kenran the Gargoyle Berserker began the quest for the Orb.
     0 | D:1      | Reached XP level 1. HP: 14/14 MP: 1/1
   156 | D:1      | Reached skill level 3 in Long Blades
   173 | D:1      | Reached XP level 2. HP: 10/19 MP: 2/2
   887 | D:2      | Reached XP level 3. HP: 22/23 MP: 3/3
   955 | D:2      | Reached skill level 4 in Long Blades
  1046 | D:2      | Reached ** piety under Trog
  1055 | D:2      | Reached XP level 4. HP: 20/28 MP: 4/4
  1643 | D:3      | HP: 2/42 [orc/+0 heavy mace (6)]
  1644 | D:3      | Reached skill level 5 in Long Blades
  1644 | D:3      | Reached XP level 5. HP: 3/32 MP: 5/5
  2124 | D:3      | Noticed Grinder
  2179 | D:3      | Paralysed by Grinder for 2 turns
  2189 | D:3      | Paralysed by Grinder for 4 turns
  2205 | D:3      | Paralysed by Grinder for 5 turns
  2214 | D:3      | Killed Grinder
  2215 | D:3      | Reached skill level 6 in Long Blades
  2215 | D:3      | Reached XP level 6. HP: 20/37 MP: 6/6
  2345 | D:3      | Found a faded altar of an unknown god.
  2581 | D:3      | Noticed Natasha
  2592 | D:3      | Killed Natasha
  2933 | D:3      | Noticed Natasha
  2939 | D:3      | Killed Natasha
  2940 | D:3      | Reached skill level 7 in Long Blades
  2940 | D:3      | Reached XP level 7. HP: 38/41 MP: 7/7
  3041 | D:3      | Found a faded altar of an unknown god.
  3153 | D:3      | Noticed Natasha
  3182 | D:3      | Killed Natasha
  3755 | D:4      | Found Omeolil's Weapon Shop.
  3763 | D:4      | Bought a +0 long sword of freezing for 83 gold pieces
  3942 | D:4      | Noticed Robin
  3972 | D:4      | Killed Robin
  4100 | D:4      | Reached *** piety under Trog
  4621 | D:5      | Entered Level 5 of the Dungeon
  4648 | D:5      | Found a staircase to the Ecumenical Temple.
  4773 | D:5      | Noticed Dowan
  4783 | D:5      | Killed Dowan
  4793 | D:5      | Noticed Duvessa
  4806 | D:5      | Killed Duvessa
  4807 | D:5      | Reached skill level 8 in Long Blades
  5761 | D:6      | Reached XP level 8. HP: 34/48 MP: 8/8
  5947 | D:6      | Found a broken altar of Ashenzari.
  6010 | D:6      | Reached skill level 5 in Fighting
  6101 | D:6      | Reached skill level 1 in Evocations
  6313 | D:6      | Reached skill level 9 in Long Blades
  6455 | D:6      | Reached XP level 9. HP: 54/54 MP: 9/9
  6843 | D:6      | Reached skill level 10 in Long Blades
  7026 | D:7      | Reached **** piety under Trog
  7362 | D:7      | Found a sparkling altar of Nemelex Xobeh.
  7471 | D:7      | Found a glowing golden altar of the Shining One.
  7621 | D:7      | Reached skill level 11 in Long Blades
  7890 | D:8      | Noticed a hornet
  7904 | D:8      | Killed a hornet
  7955 | D:8      | Reached XP level 10. HP: 49/60 MP: 10/10
  8114 | D:8      | Found a shimmering altar of Xom.
  8115 | D:8      | Found a shadowy altar of Dithmenos.
  8117 | D:8      | Found a burning altar of Makhleb.
  8380 | D:8      | Reached skill level 12 in Long Blades
  8391 | D:8      | Found a staircase to the Lair.
  8556 | D:8      | Noticed Maurice
  8568 | D:8      | Killed Maurice
  8700 | D:8      | Found a radiant altar of Vehumet.
  8782 | D:8      | Noticed an orange demon
  8783 | D:8      | Noticed Amaemon
  8797 | D:8      | Killed Amaemon
  8804 | D:8      | Killed an orange demon
  8920 | D:9      | Found Rabycwot's General Store.
  8927 | D:9      | Noticed Erolcha
  8936 | D:9      | HP: 2/65 [something (21)]
  8936 | D:9      | Slain by a kobold

Illustrated notes

Levels and vault maps discovered:
D:1:      ncdulo_lavacross, layout_basic
D:2:      layout_rooms, serial_curves, eino_curves_02, eino_curves_03,
          small_statue_intersection, minmay_pentomino_pile
D:3:      layout_loops_ring, serial_undead, serial_undead_c, serial_undead_f,
          serial_undead_f, serial_undead_e, serial_undead_e,
          hellmonk_ecumenical_altar_leap_of_faith, grunt_decor_resistance,
          kennysheep_generic_room_5, uniq_natasha, uniq_grinder
D:4:      layout_basic, serial_shops, nicolae_shop_crystal, uniq_robin
D:5:      layout_loops_corners, minmay_temple_entry_stoned_glass,
          kennysheep_generic_room_13, uniq_duvessa
D:6:      layout_gridville, mainiacjoe_overflow_alcove_1,
          hangedman_abyss_or_decor_jellyfish_corner
D:7:      layout_rooms, mainiacjoe_overflow_tiny_flanked,
          lemuel_coloured_pillars_altar
D:8:      layout_loops_ring, kennysheep_mini_moat, grunt_temple_overflow_open,
          lair_entry_dummy, nicolae_concentric_dashed_squares_wild,
          uniq_amaemon, uniq_maurice
D:9:      layout_basic, orc_0_dummy, enter_bailey_3, serial_shops, shop,
          uniq_erolcha, uniq_prince_ribbit1

Skill      XL: |  1  2  3  4  5  6  7  8  9 10 |
---------------+-------------------------------+-----
Long Blades    | 3 4 5 6 7 8 9 11 12 | 12.0
Armour         | 3 4 |  4.0
Fighting       | 4 5 6 8 |  8.4
Evocations     | 2 |  2.0
Dodging        | |  1.5

Action                     |  1- 3 |  4- 6 |  7- 9 | 10-12 || total
---------------------------+-------+-------+-------+-------++-------
  Melee: Falchion          |   129 |   192 |    30 |       ||   351
         Punch             |       |     1 |    11 |       ||    12
         Long sword        |       |       |   587 |    82 ||   669
 Invoke: Berserk           |       |     1 |     3 |     1 ||     5
         Trog's Hand       |       |     2 |       |       ||     2
    Use: Scroll            |       |     4 |     5 |       ||     9
 Armour: Animal skin       |     4 |       |       |       ||     4
         Chain mail        |    83 |    91 |   407 |    46 ||   627
  Dodge: Dodged            |    64 |    55 |   201 |    27 ||   347
  Block: Other             |       |    24 |   141 |    18 ||   183
         Reflection        |       |       |     3 |       ||     3
